 Dungeon Crawl Stone Soup version 0.31-a0-965-g8a8ce12e04 (webtiles) character file.

Game seed: 7612487439612571809

74148 Dordric the Metamorph (level 15, -10/109 HPs)
             Began as a Yellow Draconian Shapeshifter on Oct 26, 2023.
             Was the Champion of Hepliaklqana.
             Killed from afar by Azrael (33 damage)
             ... with damnation
             ... on level 14 of the Dungeon.
             The game lasted 00:56:57 (20356 turns).

Dordric the Metamorph (DrSh)                       Turns: 20356, Time: 00:56:57

Health: -10/109    AC: 13    Str: 26    XL:     15   Next: 6%
Magic:  15/15      EV: 21    Int:  9    God:    Hepliaklqana [******]
Gold:   1999       SH:  0    Dex: 25    Spells: 14/14 levels left

rFire   + .          .
                       - Unarmed
rCold   . . .        (shield currently unavailable)
rNeg    . . .        (body armour unavailable)
rPois   .            (helmet currently unavailable)
rElec   .            D - melded +0 cloak {rCorr}
rCorr   .            I - melded +0 pair of gloves
SInv    .            (boots currently unavailable)
Will    +....        q - amulet of regeneration
Stlth   ++           y - +6 ring of strength
HPRegen 1.18/turn    P - ring of protection from fire
MPRegen 0.14/turn

%: no passive effects
@: snake-form, studying Unarmed Combat
A: constrict, boosted hp, reduced essence, (spit acid), AC +9, large, unfitting
armour, (acidic bite), (cold-blooded), (acid resistance), agile 2, (poison
resistance)
a: Begin Untransformation, Renounce Religion, Recall Ancestor, Ancestor
Identity, Transference, Idealise


You were on level 14 of the Dungeon.
You worshipped Hepliaklqana.
Hepliaklqana was exalted by your worship.
You were an enormous anaconda.
You visited 2 branches of the dungeon, and saw 19 of its levels.
You also visited: Gauntlet and Ice Cave.

You collected 1999 gold pieces.

Inventory:

Armour
 D - a +0 cloak of preservation (melded)
 I - a +0 pair of gloves (melded)
 Y - the +2 ratskin cloak {*Rats rPois rN+ Str-1 Int-1 Dex+1}
   (You found it on level 11 of the Dungeon)

   *Rats:     When the wearer is hurt, rats may emerge from it to assist them.
   Str-1:     It affects your strength (-1).
   Int-1:     It affects your intelligence (-1).
   Dex+1:     It affects your dexterity (+1).
   rPois:     It protects you from poison rN+: It protects you from negative
   energy.
Jewellery
 q - an amulet of regeneration (around neck)
 r - a +6 ring of strength
 w - a ring of see invisible
 y - a +6 ring of strength (left hand)
 E - a ring of protection from cold
 M - a ring of magical power
 P - a ring of protection from fire (right hand)
 Q - a +6 ring of dexterity
 T - a ring of flight
 V - a ring of willpower
Talismans
 b - a beast talisman
 c - a flux talisman
 z - a talisman of death
 N - a serpent talisman (active)
Wands
 f - a wand of flame (16) (quivered)
 A - a wand of polymorph (5)
 B - a wand of paralysis (22)
 L - a wand of mindburst (25)
 O - a wand of acid (8)
 S - a wand of roots (1)
Scrolls
 d - 3 scrolls of enchant armour
 e - 3 scrolls of amnesia
 j - 5 scrolls of poison
 m - 6 scrolls of immolation
 o - 3 scrolls of blinking
 s - 8 scrolls of teleportation
 u - 3 scrolls of torment
 x - 2 scrolls of fog
 C - a scroll of vulnerability
 G - 3 scrolls of butterflies
 H - 6 scrolls of enchant weapon
 J - 3 scrolls of fear
 R - 6 scrolls of noise
 U - 2 scrolls of brand weapon
 W - a scroll of identify
Potions
 a - 5 potions of lignification
 g - 6 potions of heal wounds
 h - 2 potions of brilliance
 i - 3 potions of enlightenment
 k - 2 potions of invisibility
 l - 2 potions of mutation
 n - a potion of resistance
 t - a potion of berserk rage
 v - 2 potions of curing
 F - 3 potions of haste
 K - 2 potions of might
 Z - a potion of ambrosia
Miscellaneous
 p - a condenser vane (inert)
 X - a phial of floods


   Skills:
 - Level 1.1 Fighting
 + Level 13.1 Dodging
 + Level 15.0 Unarmed Combat
 + Level 17.2 Shapeshifting


You had 14 spell levels left.
You didn't know any spells.
Your spell library contained the following spells:

 Spells                   Type           Power      Damage    Failure   Level
 Apportation              Tloc           0%         N/A       38%         1
 Magic Dart               Conj           0%         1d3       38%         1
 Necrotise                Necr           0%         1d4       38%         1
 Sting                    Tmut/Pois      0%         1d3       38%         1
 Summon Small Mammal      Summ           0%         N/A       38%         1
 Call Imp                 Summ           0%         N/A       52%         2
 Cigotuvi's Dreadful Rot  Necr/Pois/Air  0%         N/A       52%         2
 Ensorcelled Hibernation  Hex/Ice        0%         N/A       52%         2
 Jinxbite                 Hex            0%         N/A       52%         2
 Lesser Beckoning         Tloc           0%         N/A       52%         2
 Poisonous Vapours        Pois/Air       0%         N/A       52%         2
 Sublimation of Blood     Necr           0%         N/A       52%         2
 Call Canine Familiar     Summ           0%         N/A       77%         3
 Dazzling Flash           Conj/Hex       0%         N/A       77%         3
 Gell's Gravitas          Tloc           0%         N/A       77%         3
 Inner Flame              Hex/Fire       0%         N/A       77%         3
 Mephitic Cloud           Conj/Pois/Air  0%         N/A       77%         3
 Ozocubu's Armour         Ice            0%         N/A       77%         3
 Summon Guardian Golem    Hex/Summ       0%         N/A       77%         3
 Teleport Other           Tloc           0%         N/A       77%         3
 Vampiric Draining        Necr           0%         2d6       77%         3
 Anguish                  Hex/Necr       0%         N/A       99%         4
 Animate Dead             Necr           0%         N/A       99%         4
 Olgreb's Toxic Radiance  Pois           0%         N/A       99%         4
 Petrify                  Tmut/Erth      0%         N/A       99%         4
 Agony                    Necr           0%         N/A       100%        5
 Alistair's Intoxication  Tmut/Pois      0%         N/A       100%        5
 Freezing Cloud           Conj/Ice/Air   0%         6-21      100%        5
 Irradiate                Conj/Tmut      0%         3d11      100%        5
 Iskenderun's Battlesphe  Conj           0%         2d6       100%        5
 Metabolic Englaciation   Hex/Ice        0%         N/A       100%        5
 Yara's Violent Unravell  Hex/Tmut       0%         3d3       100%        5
 Conjure Ball Lightning   Conj/Air       0%         3x3d6     100%        6
 Death Channel            Necr           0%         N/A       100%        6
 Dispersal                Tloc           0%         N/A       100%        6
 Eringya's Noxious Bog    Tmut/Pois      0%         4d6       100%        6
 Plasma Beam              Fire/Air       0%         2x1d10    100%        6
 Simulacrum               Ice/Necr       0%         N/A       100%        6
 Enfeeble                 Hex            0%         N/A       100%        7
 Haunt                    Necr/Summ      0%         N/A       100%        7
 Infestation              Necr           0%         N/A       100%        8
 Fire Storm               Conj/Fire      0%         5d1       100%        9


Dungeon Overview and Level Annotations

Branches:
Dungeon (14/15)            Temple (0/1) D:6            Lair (5/5) D:8
 Shoals (0/4) Lair:2       Spider (0/4) Lair:3        Slime (0/5) Lair:4
    Orc (0/2) D:12          IceCv (visited)         Gauntlet (visited)
 Vaults: D:13-14

Altars:
Ashenzari
Cheibriados
Fedhas
Hepliaklqana
Nemelex Xobeh
Sif Muna
Trog
Vehumet
Wu Jian
Yredelemnul

Shops:
D:7 (:   D:9 *   D:12 [

Annotations:
D:9 3 runed translucent doors
D:11 1 runed translucent door
D:14 4 transporters, Azrael


Innate Abilities, Weirdness & Mutations

You are an enormous anaconda.
You have a powerful constriction melee attack.
Your maximum health is increased.
Your armour is entirely melded.
You are incapable of wielding weapons or throwing items.
Your life essence is reduced to manifest your ancestor. (-10% HP)
((You can spit globs of acid.))
((Your golden yellow scales are hard. (AC +9)))
You cannot fit into any form of body armour.
((You have acidic saliva.))
((You are cold-blooded and may be slowed by cold attacks.))
((You are resistant to acid. (rCorr)))
You are very agile. (Dex +8, Str/Int -2)
((Your system is resistant to poisons. (rPois)))


Message History

The ironbound frostheart calls freezing cold from the walls.
The frost grips you!!
You are encased in ice.
The frost grips Nindada!
Nindada resists.
You lash the basilisk!
You kill the basilisk!
Nindada hits the vault guard with a +0 dagger of draining.
Nindada drains the vault guard.
The ironbound frostheart calls freezing cold from the walls.
The frost grips you!!
The frost grips Nindada!
Nindada resists.
The vault guard hits Nindada with a +0 war axe!
Nindada is destroyed!
The manticore misses you.
The manticore claws you but does no damage.
The manticore claws you.
* * * LOW HITPOINT WARNING * * *
The ice encasing you melts away.
The manticore flicks its tail.
The volley of spikes misses you.
Blink to where?
Press: ? - help, Dir - move target
As you read the scroll of blinking, it crumbles to dust.
A fire elemental comes into view. x2
The fire elemental moves out of view.
A fire elemental comes into view.
Azrael gestures at you.
The sphere of damnation explodes!
The damnation engulfs you!!
* * * LOW HITPOINT WARNING * * *
The hell hound barks!
You hear a shout!
The hell hound breathes flames at you.
The blast of flame hits the fire elemental.
The fire elemental completely resists.
The blast of flame hits Azrael.
Azrael completely resists.
The blast of flame hits you. You resist.
* * * LOW HITPOINT WARNING * * *
Azrael attacks as he pursues you! Azrael misses you. Azrael gestures at you.
The sphere of damnation explodes!
The damnation engulfs you!!
You die...

.................# ##...####
.................# ##..#####
.................#########..#....
..............................#.#
.................................
...........##############.....#.#
...........##############........
............[.....R..............
..........##....S##°...##########
#####..#####.....###E..#
#####..### #.....# #☼E○##########
.........# #.....# #..h○.........
......#### #8...8# ####E☼°.......
......#######©.©#######...☼......
..........8###.###8...☼○.........
...........©#####©....○.°........
.............###.................


You could see Azrael.

Vanquished Creatures
  A minotaur (Gauntlet)
  Nessos (Lair:3)
  4 hydras
  A catoblepas (D:14)
  Erica (D:11)
  3 centaur warriors
  2 two-headed ogres
  A boulder beetle (D:11)
  A tengu warrior (D:14)
  3 death yaks (Lair:4)
  3 skysharks
  7 skeletal warriors
  2 goliath frogs (Lair:5)
  An orc knight (D:12)
  4 cyclopes
  An ugly thing (D:14)
  Maurice (D:10)
  A shining eye (Gauntlet)
  13 elephants
  2 black mambas (Lair:3)
  14 cane toads
  12 komodo dragons
  An ice devil (D:12)
  A troll (D:13)
  A polar bear (Lair:5)
  3 merfolk
  22 blink frogs
  2 centaur simulacra (Gauntlet)
  3 slime creatures (D:12)
  2 vampires
  A shadow (D:10)
  4 basilisks
  3 wyverns
  40 yaks
  2 redbacks (Lair:3)
  A death yak simulacrum (IceCv)
  3 vampire mosquitoes (Lair:5)
  2 acid dragons
  14 water moccasins
  A hell hound (D:14)
  A black bear (D:6)
  7 orc warriors
  A meliai simulacrum (Gauntlet)
  3 ice beasts
  17 wolves
  7 centaurs
  A phantom (D:7)
  4 kobold brigands
  16 bullfrogs
  Blork the orc (D:6)
  A gnoll sergeant (D:7)
  A cane toad simulacrum (Gauntlet)
  2 scorpions
  2 hexers (Lair:4)
  8 wights
  8 killer bees
  5 howler monkeys
  2 electric eels
  5 hounds
  5 orc priests
  3 jellies
  Jessica (D:2)
  A gnoll bouda (D:3)
  6 iguanas
  9 orc wizards
  A spriggan simulacrum (IceCv)
  9 gnolls
  7 adders
  3 white imps
  A worm (D:3)
  2 dart slugs
  37 orcs
  3 bats
  2 endoplasms
  2 giant cockroaches
  6 goblins
  6 hobgoblins
  3 jackals (D:1)
  3 quokkas
  4 ball pythons
  4 frilled lizards
  25 kobolds
  6 rats
  A spectral hobgoblin (D:3)
427 creatures vanquished.

Vanquished Creatures (collateral kills)
  An entropy weaver (shapeshifter) (D:13)
  2 hydras (D:14)
  A catoblepas (Lair:5)
  An anaconda (Lair:5)
  3 two-headed ogres
  4 death yaks
  A manticore (D:11)
  A cyclops (D:11)
  8 elephants
  A black mamba (Lair:3)
  3 cane toads (Lair:5)
  A komodo dragon (Lair:3)
  A merfolk (Lair:2)
  A tyrant leech (Lair:5)
  7 blink frogs
  2 wraiths (D:10)
  A vampire (D:11)
  3 wyverns
  15 yaks
  A golden eye (Gauntlet)
  A basilisk (Lair:2)
  2 vampire mosquitoes (Lair:5)
  Grum (D:9)
  3 water moccasins
  An orc warrior (D:11)
  A sky beast (D:7)
  A black bear (Lair:3)
  A centaur (D:7)
  6 wolves
  A kobold brigand (D:7)
  A gnoll sergeant (D:7)
  A bullfrog (D:7)
  A wight (D:10)
  7 killer bees
  2 howler monkeys
  A hound (D:7)
  A gnoll bouda (D:6)
  2 orc wizards
  A gnoll (D:8)
  A white imp (IceCv)
  5 orcs
  A goblin (D:4)
  8 kobolds
108 creatures vanquished.

Vanquished Creatures (others)
  An orc wizard (D:10)
  3 ancestors
  19 hexers
23 creatures vanquished.

Grand Total: 558 creatures vanquished

Notes
Turn   | Place    | Note
-------+----------+-------------------------------------------
     0 | D:1      | Dordric the Draconian Shapeshifter began the quest for the
                  | Orb.
     0 | D:1      | Reached XP level 1. HP: 16/16 MP: 1/1
   374 | D:1      | Reached XP level 2. HP: 23/23 MP: 2/2
   938 | D:2      | Reached skill level 4 in Shapeshifting
   960 | D:2      | Reached XP level 3. HP: 28/28 MP: 3/3
   976 | D:2      | Noticed Jessica
   999 | D:2      | Killed Jessica
  1008 | D:2      | Found a faded altar of an unknown god.
  1046 | D:2      | Reached XP level 4. HP: 30/35 MP: 4/4
  1647 | D:2      | Reached skill level 5 in Shapeshifting
  1936 | D:3      | Found a blossoming altar of Fedhas.
  1964 | D:3      | Found an ornate altar of the Wu Jian Council.
  2034 | D:3      | Reached XP level 5. HP: 33/40 MP: 5/5
  2251 | D:3      | Noticed an orc warrior
  2323 | D:3      | Killed an orc warrior
  2324 | D:3      | Reached skill level 6 in Shapeshifting
  2588 | D:3      | Reached XP level 6. HP: 44/47 MP: 6/6
  2865 | D:3      | Found a hazy altar of Hepliaklqana.
  2879 | D:3      | Became a worshipper of Hepliaklqana the Forgotten
  3732 | D:4      | Reached * piety under Hepliaklqana
  3747 | D:4      | Reached skill level 7 in Shapeshifting
  3843 | D:4      | You fall into a shaft and drop 1 floor!
  3843 | D:5      | Entered Level 5 of the Dungeon
  4280 | D:5      | Your scales start taking on a golden yellow colour.
  4280 | D:5      | Reached XP level 7. HP: 38/46 MP: 7/7
  4280 | D:5      | Gained mutation: You are resistant to acid. (rCorr) [Yellow
                  | Draconian growth]
  4711 | D:5      | Reached skill level 8 in Shapeshifting
  4963 | D:6      | Noticed Blork the orc
  4969 | D:6      | Killed Blork the orc
  5141 | D:6      | Found a staircase to the Ecumenical Temple.
  5162 | D:6      | Reached skill level 9 in Shapeshifting
  5327 | D:6      | Reached XP level 8. HP: 52/53 MP: 8/8
  5606 | D:6      | Reached ** piety under Hepliaklqana
  5607 | D:6      | Remembered your ancestor Nindada as a hexer
  6153 | D:6      | Reached skill level 10 in Shapeshifting
  6206 | D:7      | Found Zeyhonimu's Antique Weapon Emporium.
  6293 | D:7      | Reached skill level 11 in Shapeshifting
  6372 | D:7      | Reached XP level 9. HP: 57/57 MP: 9/9
  6472 | D:7      | Gained mutation: You are agile. (Dex +4, Str/Int -1)
                  | [potion of mutation]
  6472 | D:7      | Gained mutation: You are very agile. (Dex +8, Str/Int -2)
                  | [potion of mutation]
  6472 | D:7      | Gained mutation: Your system is resistant to poisons.
                  | (rPois) [potion of mutation]
  6656 | D:7      | Found Xecok Puwn's Vocational Training.
  6700 | D:7      | Reached skill level 12 in Shapeshifting
  6831 | D:7      | Found a snail-covered altar of Cheibriados.
  6833 | D:7      | Found a bloodstained altar of Trog.
  6840 | D:7      | Found a sparkling altar of Nemelex Xobeh.
  6958 | D:7      | Found a basalt altar of Yredelemnul.
  6962 | D:7      | Found a shimmering blue altar of Sif Muna.
  6965 | D:7      | Found a broken altar of Ashenzari.
  7674 | D:8      | Reached *** piety under Hepliaklqana
  7810 | D:8      | Reached skill level 13 in Shapeshifting
  7836 | D:8      | Found a staircase to the Lair.
  8213 | D:9      | Reached XP level 10. HP: 24/63 MP: 10/10
  8490 | D:9      | Noticed Grum
  8536 | D:8      | Reached skill level 14 in Shapeshifting
  8601 | D:9      | Killed Grum
  8612 | D:9      | Found Guacoud's Lightly-Used Armoury.
  8873 | D:9      | Found a runed translucent gate.
  8873 | D:9      | Found a runed translucent gate.
  8873 | D:9      | Found a runed translucent gate.
  8881 | D:9      | Noticed a glowing orange brain
  8882 | D:9      | Noticed a cyan ugly thing
  8882 | D:9      | Noticed a brown ugly thing
  8882 | D:9      | Noticed a cyan ugly thing
  8882 | D:9      | Noticed a glowing orange brain
  8882 | D:9      | Noticed a green ugly thing
  8884 | D:9      | a glowing orange brain changed into a swamp worm
  8884 | D:9      | Noticed a white ugly thing
  8889 | D:9      | Reached **** piety under Hepliaklqana
  8889 | D:9      | a swamp worm changed into a great orb of eyes
  8889 | D:9      | Noticed a great orb of eyes (glowing shapeshifter)
  8892 | D:9      | a great orb of eyes changed into a bunyip
  8892 | D:9      | Noticed a bunyip (glowing shapeshifter)
  9046 | D:10     | Identified the "Qiuchiutt"
  9046 | D:10     | Entered Level 10 of the Dungeon
  9096 | D:10     | Found a radiant altar of Vehumet.
  9096 | D:10     | Noticed Maurice
  9108 | D:10     | Killed Maurice
  9437 | D:10     | Reached skill level 15 in Shapeshifting
  9437 | D:10     | Noticed a two-headed ogre
  9516 | D:9      | Killed a two-headed ogre
 10014 | Gauntlet | Identified the of Xaonwaa
 10014 | Lair:1   | Entered Level 1 of the Lair of Beasts
 10101 | Lair:1   | Reached XP level 11. HP: 69/69 MP: 11/11
 10345 | Lair:1   | Reached skill level 16 in Shapeshifting
 10362 | Lair:1   | Reached ***** piety under Hepliaklqana
 11457 | Lair:2   | Reached skill level 5 in Unarmed Combat
 11864 | Lair:2   | Found a staircase to the Shoals.
 11951 | Lair:2   | Reached skill level 5 in Dodging
 12276 | Lair:3   | Reached XP level 12. HP: 74/74 MP: 12/12
 12314 | Lair:3   | Found a hole to the Spider Nest.
 12413 | Lair:3   | Noticed Nessos
 12508 | Lair:3   | Killed Nessos
 13185 | Lair:3   | Noticed a four-headed hydra
 13192 | Lair:3   | Killed a four-headed hydra
 13376 | Lair:4   | Found a staircase to the Slime Pits.
 13571 | Lair:4   | Reached XP level 13. HP: 80/80 MP: 13/13
 13610 | Lair:4   | Reached skill level 10 in Unarmed Combat
 14065 | Lair:4   | Reached ****** piety under Hepliaklqana
 14261 | Lair:5   | Entered Level 5 of the Lair of Beasts
 15032 | Lair:5   | Reached skill level 10 in Dodging
 15218 | Lair:5   | Identified the +7 orcbow "Giozu" {drain, Str+5}
 15735 | Lair:5   | Gained mutation: You have acidic saliva. [Yellow Draconian
                  | growth]
 15735 | Lair:5   | Reached XP level 14. HP: 83/86 MP: 14/14
 16107 | Lair:5   | Identified the staff "Ultimatum" {rF+ Will- Str+5 Fire}
 17052 | D:11     | Noticed Erica
 17085 | D:11     | Killed Erica
 17334 | D:11     | Found the +2 ratskin cloak {*Rats rPois rN+ Str-1 Int-1
                  | Dex+1}
 17414 | D:11     | Found a runed translucent door.
 17778 | D:12     | Identified a scroll of acquirement
 17779 | D:12     | Acquired a manual of Unarmed Combat
 17801 | D:12     | Found a staircase to the Orcish Mines.
 17809 | D:12     | Found Bohuemux's Armour Shop.
 18290 | D:12     | Found a frozen archway.
 18312 | IceCv    | Entered an ice cave
 18714 | D:13     | Found a gate leading to a gauntlet.
 18719 | Gauntlet | Entered a Gauntlet
 18719 | Gauntlet | Found a transporter.
 18719 | Gauntlet | Found a transporter.
 18719 | Gauntlet | Found a transporter.
 18720 | Gauntlet | Found a transporter.
 18723 | Gauntlet | Found a transporter.
 18725 | Gauntlet | Found a transporter.
 18733 | Gauntlet | Found a transporter.
 18735 | Gauntlet | Found a transporter.
 18737 | Gauntlet | Found a transporter.
 18737 | Gauntlet | Found a transporter.
 18757 | Gauntlet | Found a transporter.
 18782 | Gauntlet | Found a transporter.
 19021 | Gauntlet | Reached skill level 17 in Shapeshifting
 19739 | D:13     | Found a broken altar of Ashenzari.
 19969 | D:14     | Found a transporter.
 19971 | D:14     | Found a transporter.
 19975 | D:14     | Found a transporter.
 20074 | D:14     | Noticed Azrael
 20092 | D:14     | Reached XP level 15. HP: 19/91 MP: 15/15
 20209 | D:14     | Found a transporter.
 20332 | D:14     | Reached skill level 15 in Unarmed Combat
 20356 | D:14     | Killed from afar by Azrael

Illustrated notes

Levels and vault maps discovered:
D:1:      mrwooster_arrival_statue_3, layout_basic, st_stairs_9,
          patterned_corridor
D:2:      layout_basic, shapermc_ecumenical_altar_mp_highgroup, uniq_jessica
D:3:      layout_loops_corners, nicolae_hepliaklqana_monster_ancestors,
          mainiacjoe_overflow_catwalk_spiral
D:4:      layout_layer_cave, grunt_ministairs_11, minmay_cupped
D:5:      layout_loops_ring, corexii_item_surrounded_by_moat
D:6:      layout_basic, minmay_temple_entry_glass, uniq_blork_the_orc
D:7:      minmay_the_grid_octo_tiled_squarecenter
          [minmay_the_grid_octo_checkered, minmay_the_grid_octo_pinwheel,
          minmay_the_grid_octo_toaster, minmay_the_grid_octo_clover_2,
          minmay_the_grid_square_5x5_megaprize_hollow,
          minmay_the_grid_square_5x5_forky,
          minmay_the_grid_square_5x5_eight_small,
          minmay_the_grid_square_5x5_checkered_sparse,
          minmay_the_grid_square_5x5_n_small], layout_layer_cave,
          gammafunk_temple_overflow_forgotten, grunt_temple_overflow_diamond,
          serial_shops, shop, nicolae_shop_vocational
D:8:      nicolae_hitomezashi [nicolae_hito_row, nicolae_hito_row,
          nicolae_hito_row, nicolae_hito_row, nicolae_hito_row,
          nicolae_hito_row, nicolae_hito_row, nicolae_hito_row,
          nicolae_hito_row, nicolae_hito_row, nicolae_hito_row,
          nicolae_hito_row, nicolae_hito_row, nicolae_hito_row,
          nicolae_hito_row, nicolae_hito_row, nicolae_hito_row,
          nicolae_hito_row], layout_basic, lair_entry_dummy
D:9:      layout_basic, ploomutoo_gammafunk_ghost_potion_laboratory,
          minmay_shop_damaged, uniq_grum
D:10:     layout_layer_cave, nicolae_vehumet_altar_sigil, uniq_maurice
D:11:     cheibrodos_shockbox, layout_gridville, serial_rivers,
          chequers_serial_rivers_small_a, chequers_serial_rivers_room_b,
          chequers_serial_rivers_marsh, chequers_serial_rivers_small_b,
          chequers_serial_rivers_micro_d, kennysheep_dice, uniq_erica
D:12:     layout_loops_cross, orc_david_3, portal_ice_cave_entry_pillars_1,
          hangedman_fish_farm
D:13:     layout_long_grid, gauntlet_entry_generic,
          ashenzari_conservatory_becter
D:14:     layout_long_grid, hellmonk_vaults_keyhole,
          dreamdust_mushroom_princess, serial_glass, glass_columns_b,
          glass_columns_a, serial_shops, shop, nicolae_transporter_circle,
          uniq_azrael, uniq_snorg, uniq_josephine
Lair:1:   layout_regular_city, enter_volcano_2
Lair:2:   layout_chaotic_city, mainiacjoe_shoals_entry_four_pools
Lair:3:   layout_regular_city, spider_nest_entry_webs, serial_bayou_shore_b,
          uniq_nessos
Lair:4:   statuecave_lemuel, layout_big_grid, slime_entry_1
Lair:5:   minmay_lair_end_frog_pond, layout_regular_city, grunt_megastairs_2

Skill      XL: |  1  2  3  4  5  6  7  8  9 10 11 12 13 14 15 |
---------------+----------------------------------------------+-----
Shapeshifting  | 4 5 6 7 9 11 13 15 16 17 | 17.2
Dodging        | 5 8 11 13 | 13.1
Unarmed Combat | 6 9 12 14 15 | 15.0
Fighting       | |  1.1

Action                     |  1- 3 |  4- 6 |  7- 9 | 10-12 | 13-15 || total
---------------------------+-------+-------+-------+-------+-------++-------
  Melee: Unarmed           |    76 |   198 |   307 |   486 |   510 ||  1577
         Trident           |    17 |       |       |       |       ||    17
         Tailslap          |     7 |    35 |    66 |    59 |       ||   167
         Punch             |     2 |       |     1 |       |       ||     3
         Constrict         |       |       |       |    56 |   114 ||   170
 Invoke: Ancestor Identity |       |       |     1 |       |       ||     1
         Ancestor Life: He |       |       |     1 |       |       ||     1
         Recall Ancestor   |       |       |       |     3 |     9 ||    12
Ability: Breathe Acid      |       |       |    24 |    12 |       ||    36
  Evoke: Wand              |       |    22 |     7 |     7 |    14 ||    50
         Condenser vane    |       |       |       |       |     1 ||     1
    Use: Scroll            |       |     4 |    12 |     6 |    13 ||    35
         Potion            |       |       |     2 |     4 |       ||     6
   Stab: Confused          |       |       |     6 |    10 |    11 ||    27
         Distracted        |       |       |     3 |    11 |    13 ||    27
         Paralysed         |       |       |       |     7 |       ||     7
         Sleeping          |       |       |       |     1 |     1 ||     2
 Armour: Skin              |    52 |    98 |   205 |   478 |   325 ||  1158
  Dodge: Dodged            |    70 |    97 |   169 |   361 |   366 ||  1063
   Form: Flux              |       |     1 |     1 |     1 |       ||     3
         Death             |       |       |     1 |       |       ||     1
         Anaconda          |       |       |       |     2 |       ||     2

Table legend: (Time is in decaauts)
 A = Elapsed time spent in this place.
 B = Non-inter-level travel time spent in this place.
 C = Inter-level travel time spent in this place.
 D = Time resting spent in this place.
 E = Time spent auto-exploring this place.
 F = Levels seen in this place.
 G = Mean time per level.
                   A        B        C        D        E       F      G
               +--------+--------+--------+--------+--------+-----+--------+
         Total |  20248 |  19545 |    703 |   2099 |  12348 |  21 |  964.2 |
       Dungeon |  13217 |  12665 |    552 |    934 |   9049 |  14 |  944.1 |
          Lair |   6366 |   6215 |    151 |   1121 |   3192 |   5 | 1273.2 |
      Ice Cave |     42 |     42 |      0 |      0 |      6 |   1 |   42.0 |
      Gauntlet |    622 |    622 |      0 |     44 |    100 |   1 |  622.0 |
               +--------+--------+--------+--------+--------+-----+--------+

Top non-repeatable levels by time:
  Lair:3: 1870 daAuts
     D:7: 1549 daAuts
  Lair:5: 1325 daAuts
     D:3: 1240 daAuts
     D:4: 1118 daAuts
  Lair:4: 1105 daAuts
  Lair:1: 1057 daAuts
  Lair:2: 1008 daAuts
     D:6: 1005 daAuts
     D:8: 1003 daAuts
     D:9: 964 daAuts
     D:1: 936 daAuts
    D:10: 906 daAuts
     D:2: 862 daAuts
    D:12: 843 daAuts
